 Dungeon Crawl Stone Soup version 0.30.1-4-g462c640d31 (webtiles) character file.

Game seed: 7558568180305585650

115 monsoonserge the Covered (level 5, 0/69 HPs)
             Began as a Hill Orc Fighter on Sept 16, 2023.
             Killed from afar by Natasha (3 damage)
             ... with a puff of flame
             ... on level 3 of the Dungeon.
             The game lasted 00:03:55 (1390 turns).

monsoonserge the Covered (Hill Orc Fighter)         Turns: 1390, Time: 00:03:55

Health: 0/69       AC: 22    Str: 21    XL:     5   Next: 0%
Magic:  5/5        EV:  2    Int:  8    God:
Gold:   55         SH:  4    Dex: 10    Spells: 4/4 levels left

rFire   . . .        a - +0 war axe
rCold   . . .        c - +0 buckler
rNeg    . . .        o - melded +0 chain mail
rPois   +            (helmet currently unavailable)
rElec   .            (cloak currently unavailable)
rCorr   .            (gloves currently unavailable)
SInv    .            (boots currently unavailable)
Will    .....        (no amulet)
Stlth   +            (no ring)
HPRegen 0.31/turn    (no ring)
MPRegen 0.09/turn

%: no passive effects
@: tree-form, slowed, very slow
A: stationary, stasis, torment immunity, boosted hp
a: no special abilities


You were on level 3 of the Dungeon.
You were a tree.
You visited 1 branch of the dungeon, and saw 3 of its levels.

You collected 55 gold pieces.

Inventory:

Hand Weapons
 a - a +0 war axe (weapon)
Missiles
 i - 2 throwing nets (quivered)
Armour
 c - a +0 buckler (worn)
 o - a +0 chain mail (melded)
 q - a +0 pair of boots
Wands
 b - a wand of light (3)
Scrolls
 e - a scroll of noise {unknown}
 f - a scroll of magic mapping {unknown}
 g - a scroll of enchant armour {unknown}
 h - a scroll of amnesia {unknown}
 j - 2 scrolls of teleportation {unknown}
 l - a scroll of poison {unknown}
 p - a scroll of identify {unknown}
Potions
 d - 3 potions of might
 m - a potion of degeneration {unknown}
 n - a potion of attraction {unknown}


   Skills:
 + Level 4.1 Fighting
 + Level 4.1 Axes
 + Level 4.3 Armour
 + Level 1.1 Dodging
 + Level 0.1 Stealth
 + Level 3.6 Shields


You had 4 spell levels left.
You didn't know any spells.
Your spell library contained the following spells:

 Spells                   Type           Power      Damage    Failure   Level
 Apportation              Tloc           0%         N/A       47%         1
 Alistair's Intoxication  Tmut/Pois      0%         N/A       100%        5


Dungeon Overview and Level Annotations

Branches:
Dungeon (3/15)

Altars:
The Shining One

Annotations:
D:3 Grinder, Natasha


Message History

The puff of flame hits you!
The cerulean imp hits you but does no damage.
Natasha closely misses you.
You hit Natasha.
Natasha is lightly wounded.
You block the cerulean imp's attack. Natasha completely misses you.
The cerulean imp completely misses you. Natasha claws you.
An orc comes into view. It is wielding a +0 trident.
You miss Natasha.
Natasha is lightly wounded.
A bat comes into view.
The cerulean imp hits you from afar with a +2 spear.
* * * LOW HITPOINT WARNING * * *
Natasha barely misses you. The cerulean imp barely misses you.
Natasha claws you!
* * * LOW HITPOINT WARNING * * *
The bat moves out of view.
It was a potion of lignification.
You turn into a tree.
Your +0 chain mail melds into your body.
Your roots penetrate the ground.
The cerulean imp disappears in a puff of smoke!
Natasha claws you but does no damage. You block the cerulean imp's attack.
Natasha claws you but does no damage.
You closely miss Natasha.
Natasha is lightly wounded.
An orc comes into view. It is wielding a +0 trident.
The cerulean imp hits you but does no damage.
You block Natasha's attack.
The cerulean imp hits you but does no damage.
The orc shouts!
You hit Natasha.
Natasha is moderately wounded.
You hear a shout!
Natasha zaps a wand.
The puff of flame hits you.
* * * LOW HITPOINT WARNING * * *
An orc comes into view. It is wielding a +0 war axe.
The cerulean imp hits you from afar with a +0 spear.
* * * LOW HITPOINT WARNING * * *
Natasha zaps a wand.
The puff of flame hits you.
You die...

#.......... #..........
##..........
#!..........
#........≈≈≈ ##
#.......≈≈≈≈ ....
##o......≈≈_. ...
####oo..o...≈≈≈≈ #.#
###.♣h5#.....).≈≈≈
#..####...####..o.......
#..........##..........
#..>.[.....#########...
#..........# ...
####.######## ..
#...........
#.#.........
#.#.........


You could see Natasha, a cerulean imp (summoned) and 4 orcs.

Vanquished Creatures
  Jessica (D:2)
  Ijyb (D:3)
  An adder (D:2)
  8 ball pythons
  A bat (D:1)
  2 endoplasms (D:1)
  3 giant cockroaches (D:1)
  4 goblins
  6 hobgoblins
  3 jackals (D:2)
  11 kobolds
  2 quokkas (D:1)
  3 frilled lizards
  5 rats
51 creatures vanquished.

Notes
Turn   | Place    | Note
-------+----------+-------------------------------------------
     0 | D:1      | monsoonserge the Hill Orc Fighter began the quest for the
                  | Orb.
     0 | D:1      | Reached XP level 1. HP: 19/19 MP: 1/1
   140 | D:1      | Reached XP level 2. HP: 23/27 MP: 2/2
   295 | D:1      | Reached XP level 3. HP: 33/33 MP: 3/3
   577 | D:2      | Noticed Jessica
   586 | D:2      | Killed Jessica
   587 | D:2      | Reached XP level 4. HP: 34/40 MP: 4/4
   844 | D:2      | Reached skill level 1 in Dodging
  1168 | D:3      | Noticed Grinder
  1188 | D:3      | Paralysed by Grinder for 4 turns
  1264 | D:3      | Noticed Ijyb
  1271 | D:3      | Killed Ijyb
  1358 | D:3      | Reached XP level 5. HP: 46/46 MP: 5/5
  1371 | D:3      | Noticed Natasha
  1372 | D:3      | Found a glowing golden altar of the Shining One.
  1390 | D:3      | HP: 3/69 [cerulean imp/+0 spear[Natasha] (1)]
  1390 | D:3      | Killed from afar by Natasha

Illustrated notes

Levels and vault maps discovered:
D:1:      dpeg_arrival_long_road, layout_rooms, nrook_mini_backslash
D:2:      layout_basic, minmay_diced_spiral, uniq_jessica
D:3:      layout_basic, lemuel_coloured_pillars_altar,
          mainiacjoe_overflow_catwalk, shapermc_ecumenical_altar_hornbeckon,
          uniq_grinder, uniq_natasha, uniq_ijyb

Skill      XL: |  1  2  3  4 |
---------------+-------------+-----
Axes           | 3 4 |  4.1
Fighting       | 4 |  4.1
Armour         | 4 |  4.3
Dodging        | 1 |  1.1
Stealth        | |  0.1
Shields        | |  3.6

Action                     |  1- 3 |  4- 6 || total
---------------------------+-------+-------++-------
  Melee: War axe           |    76 |    69 ||   145
    Use: Potion            |       |     1 ||     1
 Armour: Scale mail        |    34 |    21 ||    55
         Chain mail        |       |     9 ||     9
         Skin              |       |     4 ||     4
  Dodge: Dodged            |    40 |    47 ||    87
  Block: Buckler           |    17 |    19 ||    36
